 Dungeon Crawl Stone Soup version 0.30-a0-778-g2ef04afb54 (webtiles) character file.

Game seed: 12584453349726271766

443 Mickster the Ducker (level 6, -3/47 HPs)
             Began as a Demigod Wanderer on Feb 17, 2023.
             Slain by a gnoll
             ... wielding a +0 halberd
              (10 damage)
             ... on level 4 of the Dungeon.
             The game lasted 00:42:51 (3385 turns).

Mickster the Ducker (Demigod Wanderer)              Turns: 3385, Time: 00:42:52

Health: -3/47      AC: 19    Str: 21    XL:     6   Next: 43%
Magic:  12/12      EV:  5    Int: 13    God:
Gold:   188        SH: 11    Dex: 14    Spells: 9/9 levels left

rFire   . . .      SeeInvis .    k - +2 dagger (protect)
rCold   . . .      Faith    .    m - +0 tower shield
rNeg    . . .      Spirit   .    o - +0 chain mail
rPois   .          Reflect  .    (helmet restricted)
rElec   .          Harm     .    (no cloak)
rCorr   .          Rampage  .    e - +0 pair of gloves
Will    .....                    q - +2 pair of boots Stlth
                                 (no amulet)
HPRegen 0.27/turn                (no ring)
MPRegen 0.13/turn                (no ring)

@: under a protective aura
A: high MP 1, forlorn, divine attributes, horns 1, talons 1
a: no special abilities


You were on level 4 of the Dungeon.
You visited 1 branch of the dungeon, and saw 4 of its levels.

You collected 188 gold pieces.

Inventory:

Hand Weapons
 a - a +0 flail
 g - a +0 falchion of holy wrath
 i - a +0 sling
 k - a +2 dagger of protection (weapon)
 s - a +0 trident
Missiles
 b - 7 boomerangs (quivered)
 h - 4 poisoned darts
 u - 4 curare-tipped darts
 v - a throwing net
Armour
 c - a +3 leather armour
 e - a +0 pair of gloves (worn)
 l - a +2 robe
 m - a +0 tower shield (worn)
 o - a +0 chain mail (worn)
 q - a +2 pair of boots (worn)
Wands
 p - a wand of charming (6)
Scrolls
 d - a scroll of butterflies
 f - 7 scrolls of identify
 j - a scroll of magic mapping
Potions
 n - 3 potions of curing
 r - a potion of invisibility
 t - a potion of degeneration {unknown}


   Skills:
 + Level 1.0 Fighting
 - Level 1.1(1.4) Short Blades
 + Level 1.3(1.6) Long Blades
 - Level 0.5 Maces & Flails
 * Level 1.4 Polearms
 * Level 2.7 Throwing
 + Level 1.7 Armour
 + Level 5.2 Dodging
 + Level 1.0 Shields
 * Level 2.4 Spellcasting
 * Level 2.7 Transmutations


You had 9 spell levels left.
You didn't know any spells.
Your spell library contained the following spells:

 Spells                   Type           Power      Damage    Failure   Level
 Beastly Appendage        Tmut           16%        N/A       100%        1
 Foxfire                  Conj/Fire      4%         2x1d4     100%        1
 Frozen Ramparts          Ice            2%         1d1       100%        3
 Spider Form              Tmut/Pois      5%         N/A       100%        3
 Ice Form                 Ice/Tmut       5%         N/A       100%        4
 Summon Ice Beast         Ice/Summ       1%         N/A       100%        4
 Fireball                 Conj/Fire      0%         3d3       100%        5
 Starburst                Conj/Fire      0%         6d3       100%        6


Dungeon Overview and Level Annotations

Branches:
Dungeon (4/15)
 Temple: D:4-7

Shops:
D:2 (


Innate Abilities, Weirdness & Mutations

You have an increased reservoir of magic. (+10% MP)
You shall have no god before yourself.
Your divine heritage dramatically boosts your attributes as you level up.
You have a pair of small horns on your head.
You have sharp toenails.


Message History

The gnoll is severely wounded.
You block the gnoll's attack. The gnoll barely misses you.
The gnoll hits you but does no damage. x3; You block the gnoll's attack.
You hit the gnoll but do no damage.
The gnoll is severely wounded.
The gnoll hits you but does no damage. x3
You hit the gnoll but do no damage.
The gnoll is severely wounded.
The gnoll hits you with a +0 halberd. The gnoll hits you with a +0 spear.
You block the gnoll's attack.
You feel better. You block the gnoll's attack.
The gnoll hits you but does no damage. You block the gnoll's attack.
You completely miss the gnoll.
The gnoll is severely wounded.
The gnoll hits you with a +0 halberd. You block the gnoll's attack.
The gnoll hits you but does no damage. The gnoll hits you with a +0 spear.
You block the gnoll's attack. The gnoll hits you but does no damage.
You hit the gnoll.
You kill the gnoll!
You block the gnoll's attack. The gnoll barely misses you.
You barely miss the gnoll. You headbutt the gnoll.
The gnoll is heavily wounded.
The gnoll hits you but does no damage. You block the gnoll's attack.
You hit the gnoll.
You headbutt the gnoll, but do no damage.
The gnoll is severely wounded.
The gnoll barely misses you. The gnoll hits you with a +0 halberd.
* * * LOW HITPOINT WARNING * * *
The gnoll hits you with a +0 spear.
* * * LOW HITPOINT WARNING * * *
You block the gnoll's attack.
You barely miss the gnoll.
The gnoll is severely wounded.
The gnoll hits you but does no damage. You block the gnoll's attack.
You barely miss the gnoll.
The gnoll is severely wounded.
The gnoll hits you with a +0 spear.
* * * LOW HITPOINT WARNING * * *
The gnoll barely misses you. The gnoll hits you with a +0 halberd!
You die...

.............# #########.†......
.............#...../. #........
.............#...... +.....###
.............#.....# #.....#
..######'#####.....######.....#
..#.........#...........###+#.#
..'.........#........... #....#
..#.........#..g)....... #....#
###.........'...@....... #.. .+
#..##...######.g###..# #.#
#####...######..########.#####
#.......#................#...#
##.......#................'...#
.........#........(.......#...#
##+####.)##..###.#######.###..#
#..###)###..###.##..#######..##
###.....).......#.....#....#....#


You could see 2 gnolls.

Vanquished Creatures
  2 scorpions (D:4)
  A hound (D:4)
  An orc priest (D:4)
  Jessica (D:2)
  2 orc wizards (D:4)
  A hound zombie (D:2)
  4 adders
  4 gnolls (D:4)
  3 adder zombies (D:2)
  3 worms
  2 dart slugs
  6 orcs
  5 bats
  A bat skeleton (D:2)
  5 endoplasms
  4 giant cockroaches
  6 goblins
  5 hobgoblins
  4 jackals (D:3)
  5 kobolds
  2 quokkas
  8 ball pythons
  2 ball python skeletons (D:2)
  A frilled lizard (D:1)
  4 rats
82 creatures vanquished.

Vanquished Creatures (others)
  A fungus (D:2)
  3 plants (D:2)
4 creatures vanquished.

Grand Total: 86 creatures vanquished

Notes
Turn   | Place    | Note
-------+----------+-------------------------------------------
     0 | D:1      | Mickster the Demigod Wanderer began the quest for the Orb.
     0 | D:1      | Mickster set off with the following items: a +0 dagger, 7
                  | boomerangs, a +2 leather armour, a scroll of butterflies;
                  | and the following spell memorised: Beastly Appendage; and
                  | the following spells available to memorise: Spider Form.
     0 | D:1      | Reached XP level 1. HP: 14/14 MP: 4/4
   160 | D:1      | Reached XP level 2. HP: 20/20 MP: 5/5
   399 | D:1      | Gained mutation: You have a pair of small horns on your
                  | head. [potion of mutation]
   399 | D:1      | Gained mutation: You have sharp toenails. [potion of
                  | mutation]
   514 | D:2      | Reached skill level 5 in Dodging
   514 | D:2      | Reached XP level 3. HP: 21/26 MP: 7/7
   521 | D:2      | Noticed Jessica
   539 | D:2      | Killed Jessica
   540 | D:2      | Reached skill level 1 in Short Blades
   592 | D:2      | Reached XP level 4. HP: 23/34 MP: 8/8
   873 | D:2      | Found Ystry's Antique Weapon Boutique.
  1432 | D:3      | Reached skill level 1 in Armour
  2335 | D:4      | Reached XP level 5. HP: 21/39 MP: 10/10
  2607 | D:4      | Reached skill level 1 in Polearms
  2878 | D:4      | Reached skill level 1 in Long Blades
  2878 | D:4      | Reached skill level 1 in Shields
  2878 | D:4      | Reached XP level 6. HP: 42/46 MP: 11/11
  2929 | D:4      | Reached skill level 1 in Fighting
  3385 | D:4      | Slain by a gnoll

Illustrated notes

Levels and vault maps discovered:
D:1:      co_arrival_square_in_a_square_in_a_square, layout_basic, serial_shops,
          nicolae_lakefront_shop, minmay_surrounded
D:2:      layout_rooms, serial_shops, shop, shapermc_ecumenical_altar_ellora,
          serial_undead, serial_undead_a, serial_undead_d, serial_undead_d,
          serial_undead_e, uniq_jessica
D:3:      layout_basic, nicolae_overflow_crystal_walls,
          eat_drink_and_be_merry_uskayaw, mainiacjoe_overflow_small_starburst
D:4:      layout_gridville, lemuel_round_altar

Skill      XL: |  1  2  3  4  5  6 |
---------------+-------------------+-----
Throwing       | 2 |  2.7
Transmutations | 2 |  2.7
Dodging        | 5 |  5.2
Short Blades   | 1 |  1.1
Armour         | 1 |  1.7
Polearms       | 1 |  1.4
Long Blades    | 1 |  1.3
Shields        | 1 |  1.0
Spellcasting   | 2 |  2.4
Fighting       | 1 |  1.0
Maces & Flails | |  0.5

Action                     |  1- 3 |  4- 6 || total
---------------------------+-------+-------++-------
  Melee: Dagger            |    99 |    15 ||   114
         Club              |    28 |    76 ||   104
         Kick              |    14 |    13 ||    27
         Headbutt          |    11 |    34 ||    45
         Falchion          |       |   107 ||   107
         Trident           |       |    25 ||    25
  Throw: Boomerang         |    10 |     3 ||    13
         Dart              |       |    15 ||    15
    Use: Scroll            |     5 |     6 ||    11
         Potion            |     2 |     4 ||     6
 Armour: Leather armour    |    53 |    19 ||    72
         Chain mail        |       |   153 ||   153
  Dodge: Dodged            |   124 |    67 ||   191
  Block: Tower shield      |       |   133 ||   133

Table legend: (Time is in decaauts)
 A = Elapsed time spent in this place.
 B = Non-inter-level travel time spent in this place.
 C = Inter-level travel time spent in this place.
 D = Time resting spent in this place.
 E = Time spent auto-exploring this place.
 F = Levels seen in this place.
 G = Mean time per level.
                   A        B        C        D        E       F      G
               +--------+--------+--------+--------+--------+-----+--------+
         Total |   3532 |   3334 |    198 |    668 |      0 |   4 |  883.0 |
       Dungeon |   3532 |   3334 |    198 |    668 |      0 |   4 |  883.0 |
               +--------+--------+--------+--------+--------+-----+--------+

Top non-repeatable levels by time:
     D:3: 1183 daAuts
     D:4: 1137 daAuts
     D:2: 797 daAuts
     D:1: 413 daAuts
